 Dungeon Sprint DCSS version 0.16-a0-3807-g3748f16 (console) character file.

83 Monkaria the Slasher (level 4, -9/45 HPs)
             Began as a Hill Orc Fighter on Jan 27, 2015.
             Was a Follower of Makhleb.
             Mangled by a troll (10 damage)
             ... in the Dungeon (Sprint IX: "|||||||||||||||||||||||||||||").
             The game lasted 00:01:33 (298 turns).

Monkaria the Slasher (Hill Orc Fighter)              Turns: 298, Time: 00:01:34

Health: -9/45      AC: 14    Str: 19    XL:     4   Next: 44%
Magic:  4/4        EV:  3    Int: 11    God:    Makhleb [*.....]
Gold:   0          SH:  9    Dex: 10    Spells: 0 memorised, 3 levels left

rFire  . . .     SeeInvis .     q - +2 scimitar (holy)
rCold  . . .     Clarity  .     s - +0 plate armour
rNeg   . . .     SustAb   .     c - +0 shield
rPois  .         Gourm    .     (no helmet)
rElec  .         Spirit   .     (no cloak)
rCorr  .         Warding  .     (no gloves)
rMut   .         NoTele   +     r - +0 pair of boots
MR     .....                    (no amulet)
Stlth  ..........               u - +2 ring of protection
                                t - +3 ring of intelligence

@: not resistant to hostile enchantments, extremely unstealthy
A: no striking features
a: Renounce Religion


You were in the Dungeon.
You worshipped Makhleb.
Makhleb was aware of your devotion.
You were not hungry.

You visited 1 branch

Inventory:

Hand weapons
 q - a +2 scimitar of holy wrath (weapon)
Armour
 c - a +0 shield (worn)
 r - a +0 pair of boots (worn)
 s - a +0 plate armour (worn)
Jewellery
 t - a +3 ring of intelligence (left hand)
 u - a +2 ring of protection (right hand)
Magical devices
 p - a wand of fire (5)
Scrolls
 k - 2 scrolls of blinking
 n - 3 scrolls of remove curse
 o - 2 scrolls of amnesia
Potions
 e - a potion of might
 g - 3 potions of heal wounds
 h - a potion of haste
 i - 4 potions of magic
 j - a potion of berserk rage
 l - a potion of invisibility
 m - 4 potions of curing
Comestibles
 d - a meat ration


   Skills:
 + Level 6.7 Fighting
 * Level 7.8 Long Blades
 - Level 3.2 Armour
 - Level 3.2 Shields


You had 3 spell levels left.
You didn't know any spells.

Dungeon Overview and Level Annotations

Branches:
Dungeon (1/1)

Altars:
Cheibriados
Dithmenos
Elyvilon
Fedhas
Gozag
Kikubaaqudgha
Makhleb
Nemelex Xobeh
Okawaru
Qazlal
Ru
Sif Muna
Trog
Vehumet
Xom
Yredelemnul
Zin
The Shining One
Beogh
Jiyva
Lugonu


Message History

Aim: an orc warrior, wielding a long sword and wearing a plate armour The bolt of fire misses the troll.
The bolt of fire hits the orc warrior.
The orc warrior is heavily wounded.
This wand has 5 charges left.
You block the phantom's attack. You block the troll's attack.
The troll claws you but does no damage. The troll claws you but does no damage.
Unknown command.
You hit the phantom.
The phantom convulses!
The phantom is moderately damaged.
The phantom hits you but does no damage.
You block the troll's attack. The troll claws you but does no damage.
The troll claws you!
* * * LOW HITPOINT WARNING * * *
You slash the phantom!
The phantom convulses!
The phantom is almost destroyed.
The phantom hits you but does no damage.
The troll bites you.
* * * LOW HITPOINT WARNING * * *
The troll claws you but does no damage. The troll claws you!
You die...

▓.▓
▓.▓
▓|▓
▓)▓
▓.▓
▓[▓
▓.▓
▓W▓
▓@▓
▓T▓
▓o▓
▓.▓
▓.▓
▓.▓
▓.▓
▓.▓
▓+▓


You could see a troll, a phantom and an orc warrior.

Vanquished Creatures
  An iguana (D)
  A worker ant (D)
  An adder (D)
  A giant mite (D)
  A shadow imp (D)
  A bat (D)
  A hobgoblin (D)
  A giant gecko zombie (D)
  5 rats (D)
  A rat zombie (D)
14 creatures vanquished.

Notes
Turn   | Place    | Note
--------------------------------------------------------------
     0 | D        | Monkaria, the Hill Orc Fighter, began the quest for the Orb.
     0 | D        | Reached XP level 1. HP: 19/19 MP: 1/1
    12 | D        | Reached skill level 4 in Fighting
    28 | D        | Noticed a worker ant
    28 | D        | Noticed an iguana
    32 | D        | Reached XP level 2. HP: 22/28 MP: 2/2
    35 | D        | Killed a worker ant
    35 | D        | Reached skill level 5 in Fighting
    35 | D        | Reached skill level 6 in Long Blades
    35 | D        | Reached XP level 3. HP: 19/37 MP: 3/3
    43 | D        | HP: 1/37 [iguana (10)]
    52 | D        | Killed an iguana
    52 | D        | Reached skill level 7 in Long Blades
    52 | D        | Reached XP level 4. HP: 10/45 MP: 4/4
    60 | D        | Found a glowing silver altar of Zin.
    60 | D        | Found a glowing golden altar of the Shining One.
    60 | D        | Found an ancient bone altar of Kikubaaqudgha.
    60 | D        | Found a basalt altar of Yredelemnul.
    60 | D        | Found a shimmering altar of Xom.
    60 | D        | Found a radiant altar of Vehumet.
    60 | D        | Found an iron altar of Okawaru.
    61 | D        | Found a burning altar of Makhleb.
    62 | D        | Found a deep blue altar of Sif Muna.
    63 | D        | Found a bloodstained altar of Trog.
    64 | D        | Found a sparkling altar of Nemelex Xobeh.
    65 | D        | Found a white marble altar of Elyvilon.
    66 | D        | Found a roughly hewn altar of Beogh.
    67 | D        | Found a viscous altar of Jiyva.
    68 | D        | Found a corrupted altar of Lugonu.
    69 | D        | Found a blossoming altar of Fedhas.
    70 | D        | Became a worshipper of Makhleb the Destroyer
    71 | D        | Found a snail-covered altar of Cheibriados.
    72 | D        | Found a shadowy altar of Dithmenos.
    73 | D        | Found a stormy altar of Qazlal.
    74 | D        | Found an opulent altar of Gozag.
    75 | D        | Found a sacrificial altar of Ru.
   282 | D        | Noticed a troll
   282 | D        | Noticed a phantom
   282 | D        | Noticed an orc warrior
   284 | D        | Acquired Makhleb's first power
   297 | D        | HP: 2/45 [troll (10)]
   298 | D        | Mangled by a troll

Action                   |  1- 3 |  4- 6 || total
-------------------------+-------+-------++-------
Melee: Long sword        |    40 |       ||    40
       Scimitar          |       |    14 ||    14
Evoke: Wand              |       |     2 ||     2
  Use: Potion            |     1 |       ||     1
